 Dungeon Crawl Stone Soup version 0.17.0-28-g6e173f8 (webtiles) character file.

9802 dorian the Arsonist (level 11, -4/61 HPs)
             Began as an Octopode Fire Elementalist on Nov 27, 2015.
             Was an Elder of Vehumet.
             Hit by a javelin thrown by Urug (14 damage)
             ... on level 10 of the Dungeon.
             The game lasted 00:41:54 (16450 turns).

dorian the Arsonist (Octopode Fire Elementalist)   Turns: 16450, Time: 00:41:54

Health: -4/61      AC:  1    Str:  7    XL:     11   Next: 52%
Magic:  15/15      EV: 12    Int: 22    God:    Vehumet [****..]
Gold:   441        SH:  0    Dex: 15    Spells: 4 memorised, 3 levels left

rFire  . . .     SeeInvis .     L - +10 hunting sling of Yzxaits {velocity, rElec Stlth+}
rCold  . . .     Clarity  .     (no shield)
rNeg   . . .     SustAt   .     n - +0 hat
rPois  .         Gourm    .     (no amulet)
rElec  +         Spirit   .     q - +3 ring of dexterity
rCorr  .         Warding  .     x - ring of stealth
rMut   .         Stasis   .     M - +1 ring of slaying
MR     .....                    (no ring)
Stlth  +++++.....               (no ring)
                                (no ring)
                                (no ring)
                                (no ring)

@: not resistant to hostile enchantments, quite stealthy
A: almost no armour, amphibious, 8 rings, constrict 8, camouflage 1, gelatinous
body 1
a: Renounce Religion


You were on level 10 of the Dungeon.
You worshipped Vehumet.
Vehumet was greatly pleased with you.
You were not hungry.

You visited 2 branches of the dungeon, and saw 11 of its levels.

You collected 636 gold pieces.
You spent 195 gold pieces at shops.

Inventory:

Hand Weapons
 z - a +1 falchion of electrocution
 L - the +10 hunting sling of Yzxaits (weapon) {velocity, rElec Stlth+}
   (You bought it in a shop on level 7 of the Dungeon)

   Any stone fired from it inflicts extra damage.
   It insulates you from electricity.
   It makes you more stealthy.
 O - a +2 whip of electrocution
Missiles
 l - 17 sling bullets
 G - 32 poisoned needles
 N - 337 stones (quivered)
Armour
 n - a +0 hat (worn)
Jewellery
 q - a +3 ring of dexterity (left tentacle)
 x - a ring of stealth (right tentacle)
 C - an uncursed amulet of stasis
 M - a +1 ring of slaying (on tentacle)
Wands
 p - a wand of confusion (22)
 y - a wand of fire (0)
 B - a wand of fireball (2)
 D - a wand of draining (5)
 E - a wand of slowing (13)
 Q - a wand of magic darts (25)
 R - a wand of draining (9)
Scrolls
 c - a scroll of fog {unknown}
 d - 3 scrolls of remove curse
 e - 2 scrolls of identify
 g - 3 scrolls of magic mapping
 j - a scroll of recharging {unknown}
 k - a scroll of noise
 m - a scroll of random uselessness
 o - a scroll of teleportation
 u - a scroll of blinking {unknown}
 v - a scroll of immolation {unknown}
 H - a scroll of enchant weapon {unknown}
 I - a scroll of enchant armour {unknown}
 J - a scroll of vulnerability {unknown}
Potions
 f - 2 potions of cure mutation
 i - 2 potions of curing
 r - 2 potions of poison
 s - 2 potions of lignification
 A - a potion of brilliance
 F - a potion of cancellation
 K - a potion of degeneration
 S - a potion of invisibility
Books
 a - a book of Flames

   Spells                             Type                      Level
   a - Flame Tongue                   Conjuration/Fire             1
   b - Throw Flame                    Conjuration/Fire             2
   c - Conjure Flame                  Conjuration/Fire             3
   d - Inner Flame                    Hexes/Fire                   3
   e - Sticky Flame                   Conjuration/Fire             4
   f - Fireball                       Conjuration/Fire             5
 t - Sif Muna's Volume of Arcane Weapons
   (You found it on level 3 of the Dungeon)

   Spells                             Type                      Level
   a - Flame Tongue                   Conjuration/Fire             1
 P - a book of Party Tricks

   Spells                             Type                      Level
   a - Summon Butterflies             Summoning                    1
   b - Apportation                    Translocation                1
   c - Tukima's Dance                 Hexes                        3
   d - Alistair's Intoxication        Transmutation/Poison         4
   e - Invisibility                   Hexes                        6
Comestibles
 b - 5 bread rations
 h - 5 meat rations
 w - 7 beef jerkies


   Skills:
 - Level 2.0 Dodging
 - Level 2.6 Stealth
 + Level 3.0 Spellcasting
 + Level 12.2 Conjurations
 + Level 12.5 Fire Magic


You had 3 spell levels left.
You knew the following spells:

 Your Spells              Type           Power        Failure   Level  Hunger
a - Flame Tongue          Conj/Fire      #####        1%          1    None
b - Conjure Flame         Conj/Fire      ######..     1%          3    ###....
c - Sticky Flame          Conj/Fire      ######..     1%          4    ####...
d - Fireball              Conj/Fire      ######....   1%          5    ######.


Dungeon Overview and Level Annotations

Branches:
Dungeon (10/15)            Temple (1/1) D:4            Lair (0/8) D:10
    Orc: D:9-12

Altars:
Cheibriados
Dithmenos
Elyvilon
Fedhas
Gozag
Makhleb
Nemelex Xobeh
Okawaru
Qazlal
Sif Muna
Trog
Vehumet
Xom
Yredelemnul
Zin
The Shining One

Shops:
D:6 (   D:7 (

Annotations:
D:5 1 runed door
D:8 Joseph
D:10 exclusion: oklob plant, Urug


Innate Abilities, Weirdness & Mutations

You cannot wear most types of armour.
You are amphibious.
You can wear up to eight rings at the same time.
You can use your tentacles to constrict eight enemies at once.
Your skin changes colour to match your surroundings (Stealth).
Your rubbery body absorbs attacks (AC +1).


Message History

Aim: Urug, wielding a dire flail and wearing a ring mail (chance to defeat MR: 28%) Urug easily resists.
Evoking this partially-identified wand wasted a few charges.
Urug throws a javelin.
The javelin hits you.
Evoke which item? (* to show all) (? for menu, Esc to quit)
Zapping:
p - a wand of confusion {zapped: 2} (will waste charges)
Press: ? - help, Shift-Dir - straight line, f/p - Urug
Aim: Urug, wielding a dire flail and wearing a ring mail (chance to defeat MR: 28%) Urug easily resists.
Evoking this partially-identified wand wasted a few charges.
Urug throws a javelin.
The javelin hits you!!
* * * LOW HITPOINT WARNING * * *
Evoke which item? (* to show all) (? for menu, Esc to quit)
Zapping:
p - a wand of confusion {zapped: 5} (will waste charges)
Press: ? - help, Shift-Dir - straight line, f/p - Urug
Aim: Urug, wielding a dire flail and wearing a ring mail (chance to defeat MR: 28%) Urug easily resists.
Evoking this partially-identified wand wasted a few charges.
Urug throws a javelin.
The javelin hits you!
You die...

..........# #...##..#
#.........o# #...##..####
#...#......# #...##......
....#.....)# #...##......
#......# #...##...... #
#......# #.........<[
#..#......# #...#.......
#.........####...#.......
#.......@........#.......
#.%....#.........#.......
.......#...###...#.......
..)....#...# #...#.......
...>...#...# #...#.......
....>..#...# #...#.......
......o#...# #...#..#####
.......#...###...#..#
.............#


You could see Urug.

Vanquished Creatures
  Gastronok (D:9)
  The ghost of Nicoed the Skirmisher, a novice DrTm of Makhleb (D:7)
  Pikel (D:9)
  Maurice (D:8)
  A troll (D:9)
  Grinder (D:3)
  A yak (D:10)
  4 hippogriffs
  A deep elf mage (D:10)
  Grum (D:9)
  A soldier ant (D:5)
  A hungry ghost (D:10)
  3 wolves (D:9)
  3 ice beasts
  2 orc warriors
  An eye of draining (D:9)
  A sky beast (D:4)
  4 slaves (D:9)
  2 phantoms (D:6)
  4 centaurs
  4 ogres
  Blork the orc (D:6)
  9 giant frogs
  2 big kobolds (D:4)
  2 scorpions
  9 killer bees
  4 wights
  4 crimson imps
  A giant frog zombie (D:4)
  9 orc wizards
  4 centaur zombies
  A gnoll shaman (D:10)
  Ijyb (D:2)
  3 hounds
  3 iron imps (D:9)
  Jessica (D:3)
  5 orc priests
  Terence (D:3)
  Natasha (thrice) (D:3)
  17 worker ants
  A hound skeleton (D:7)
  A worker ant zombie (D:5)
  Robin (D:3)
  19 gnolls
  12 adders
  3 shadow imps
  An ooze (D:6)
  An adder skeleton (D:9)
  2 adder zombies (D:6)
  2 worms (D:2)
  6 giant geckos
  32 orcs
  4 ball pythons
  10 bats
  30 goblins
  31 hobgoblins
  2 quokkas
  8 giant cockroaches
  3 giant gecko skeletons
  A giant gecko zombie (D:6)
  8 giant newts
  2 gnoll zombies (D:3)
  A jackal skeleton (D:8)
  13 kobolds
  11 rats
  A butterfly (D:5)
325 creatures vanquished.

Notes
Turn   | Place    | Note
--------------------------------------------------------------
     0 | D:1      | dorian the Octopode Fire Elementalist began the quest for the Orb.
     0 | D:1      | Reached XP level 1. HP: 11/11 MP: 3/3
   297 | D:1      | Reached XP level 2. HP: 15/17 MP: 5/5
  1036 | D:1      | Reached XP level 3. HP: 21/21 MP: 4/6
  1427 | D:2      | Noticed Ijyb
  1693 | D:2      | Killed Ijyb
  1693 | D:2      | Reached skill level 4 in Fire Magic
  1693 | D:2      | Reached XP level 4. HP: 5/27 MP: 1/7
  1693 | D:2      | HP: 1/27 [giant gecko (4)]
  2093 | D:2      | Found an iron altar of Okawaru.
  2347 | D:3      | Noticed Jessica
  2348 | D:3      | Killed Jessica
  2348 | D:3      | Reached XP level 5. HP: 31/31 MP: 4/8
  2409 | D:3      | Noticed Natasha
  2419 | D:3      | Killed Natasha
  2623 | D:3      | Noticed Natasha
  2626 | D:3      | Killed Natasha
  2638 | D:3      | Noticed Natasha
  2639 | D:3      | Killed Natasha
  2868 | D:3      | Noticed Robin
  2877 | D:3      | Killed Robin
  2929 | D:3      | Found a basalt altar of Yredelemnul.
  3026 | D:3      | Noticed Grinder
  3088 | D:3      | Killed Grinder
  3088 | D:3      | Reached skill level 5 in Fire Magic
  3088 | D:3      | Reached XP level 6. HP: 19/36 MP: 5/9
  3342 | D:3      | Found a glowing golden altar of the Shining One.
  3517 | D:3      | Noticed Terence
  3520 | D:3      | Killed Terence
  3541 | D:3      | Found a deep blue altar of Sif Muna.
  3551 | D:3      | Reached skill level 5 in Conjurations
  3551 | D:3      | Reached XP level 7. HP: 30/41 MP: 7/10
  3559 | D:3      | Identified Sif Muna's Volume of Arcane Weapons
  3570 | D:3      | Learned a level 3 spell: Conjure Flame
  3575 | D:3      | Learned a level 4 spell: Sticky Flame
  3668 | D:4      | Reached skill level 6 in Fire Magic
  4754 | D:4      | Found a staircase to the Ecumenical Temple.
  4760 | Temple   | Entered the Ecumenical Temple
  4777 | Temple   | Became a worshipper of Vehumet
  4927 | D:4      | Reached XP level 8. HP: 17/46 MP: 3/11
  5231 | D:4      | Reached skill level 7 in Fire Magic
  5308 | D:4      | Found a shadowy altar of Dithmenos.
  5764 | D:4      | Reached * piety under Vehumet
  5764 | D:4      | Offered knowledge of Sting by Vehumet.
  6680 | D:5      | Entered Level 5 of the Dungeon
  6757 | D:5      | Offered knowledge of Magic Dart by Vehumet.
  6764 | D:5      | Reached ** piety under Vehumet
  6895 | D:5      | Found a runed door.
  6900 | D:5      | Reached skill level 8 in Fire Magic
  6911 | D:5      | Found a runed door.
  7040 | D:5      | Found a snail-covered altar of Cheibriados.
  7523 | D:5      | Reached XP level 9. HP: 21/51 MP: 4/12
  8391 | D:6      | Found Osmenar's Antique Weapon Emporium.
  8402 | D:6      | Noticed Blork the orc
  8403 | D:6      | Reached skill level 9 in Fire Magic
  8410 | D:6      | Killed Blork the orc
  8716 | D:7      | Offered knowledge of Throw Frost by Vehumet.
  8896 | D:6      | Found a shadowy altar of Dithmenos.
  9008 | D:7      | Noticed Nicoed's ghost (novice DrTm)
  9212 | D:7      | Reached *** piety under Vehumet
  9835 | D:7      | Found Evevvire's Antique Weapon Shop.
  9840 | D:7      | Bought a bloodstained hunting sling for 195 gold pieces
  9842 | D:7      | Identified the +10 hunting sling of Yzxaits {velocity, rElec Stlth+} (You bought it in a shop on level 7 of the Dungeon)
 10775 | D:7      | Reached skill level 10 in Fire Magic
 10845 | D:8      | Noticed Maurice
 10852 | D:8      | Killed Maurice
 10852 | D:8      | Reached skill level 10 in Conjurations
 10852 | D:8      | Reached XP level 10. HP: 56/56 MP: 2/13
 11060 | D:8      | Offered knowledge of Static Discharge by Vehumet.
 11559 | D:8      | Learned a level 5 spell: Fireball
 11562 | D:8      | Noticed Joseph
 12586 | D:8      | Reached **** piety under Vehumet
 12989 | D:7      | Killed Nicoed's ghost
 12989 | D:7      | Reached skill level 11 in Fire Magic
 13239 | D:9      | Noticed Gastronok
 13257 | D:9      | Killed Gastronok
 13257 | D:9      | Reached XP level 11. HP: 61/61 MP: 5/14
 13295 | D:9      | Found a burning altar of Makhleb.
 13306 | D:9      | Reached skill level 12 in Fire Magic
 13317 | D:9      | Offered knowledge of Stone Arrow by Vehumet.
 14458 | D:9      | Noticed Grum
 14535 | D:9      | Killed Grum
 14653 | D:9      | Noticed Pikel
 15175 | D:10     | Entered Level 10 of the Dungeon
 15536 | D:9      | Killed Pikel
 15623 | D:10     | Found a staircase to the Lair.
 16166 | D:10     | Noticed Urug
 16450 | D:10     | Hit by a javelin thrown by Urug

Action                   |  1- 3 |  4- 6 |  7- 9 | 10-12 || total
-------------------------+-------+-------+-------+-------++-------
Melee: Unarmed           |    42 |    12 |       |       ||    54
       Dagger            |       |    14 |    34 |       ||    48
 Fire: Hunting sling     |       |       |    22 |   173 ||   195
 Cast: Flame Tongue      |    46 |    70 |   355 |   134 ||   605
       Sticky Flame      |       |       |     8 |    11 ||    19
       Conjure Flame     |       |       |       |     4 ||     4
       Fireball          |       |       |       |     1 ||     1
Evoke: Wand              |       |       |     2 |    10 ||    12
  Use: Potion            |       |     1 |     2 |     6 ||     9
       Scroll            |       |       |     8 |    13 ||    21
 Stab: Sleeping          |     4 |     4 |     2 |       ||    10
  Eat: Chunk             |     3 |     7 |    23 |    12 ||    45
       Fruit             |       |       |     3 |     4 ||     7
       Beef jerky        |       |       |     1 |     1 ||     2
       Meat ration       |       |       |       |     1 ||     1
